 Dungeon Sprint DCSS version 0.31.0-12-g77e489cdc1 (webtiles) character file.

Game seed: 14185950548185383780

275 Heoruswealwe the Spear-Bearer (level 6, -4/62 HPs)
             Began as a Minotaur Fighter on Mar 5, 2024.
             Was an Initiate of Gozag.
             Slain by a two-headed ogre
             ... wielding a +0 dire flail
              (25 damage)
             ... in the Dungeon (Sprint IX: "|||||||||||||||||||||||||||||").
             The game lasted 00:02:25 (161 turns).

Heoruswealwe the Spear-Bearer (Minotaur Fighter)     Turns: 161, Time: 00:02:27

Health: -4/62      AC: 13    Str: 23    XL:     6   Next: 3%
Magic:  5/5        EV: 10    Int:  5    God:    Gozag
Gold:   0          SH:  0    Dex:  9    Spells: 5/5 levels left

rFire   . . .        b - +2 halberd (venom)
rCold   . . .        (shield currently unavailable)
rNeg    . . .        c - +0 chain mail
rPois   .            (helmet restricted)
rElec   .            (no cloak)
rCorr   .            f - +0 pair of gloves
SInv    .            e - +0 pair of boots
Will    .....        (no amulet) Stlth
                     k - +2 ring of evasion
HPRegen 0.30/turn    (no ring)
MPRegen 0.09/turn

%: no teleportation
@: no status effects
A: horns 2, retaliatory headbutt
a: Renounce Religion, Potion Petition, Call Merchant, Bribe Branch


You were in the Dungeon.
You worshipped Gozag.
Gozag was noncommittal.
You visited 1 branch

Inventory:

Hand Weapons
 a - a +0 trident
 b - a +2 halberd of venom (weapon)
Armour
 c - a +0 chain mail (worn)
 d - a +0 buckler
 e - a +0 pair of boots (worn)
 f - a +0 pair of gloves (worn)
Jewellery
 k - a +2 ring of evasion (left hand)
Wands
 h - a wand of light (10)
Scrolls
 j - 2 scrolls of blinking
Potions
 g - a potion of haste
 i - a potion of berserk rage
 l - a potion of heal wounds
 m - 5 potions of curing
 n - a potion of might


   Skills:
 + Level 8.3 Fighting
 * Level 10.9 Polearms
 + Level 8.3 Armour
 - Level 3.6 Shields


You had 5 spell levels left.
You didn't know any spells.
Your spell library was empty.

Dungeon Overview and Level Annotations

Branches:
Dungeon (1/1)

Altars:
Cheibriados
Dithmenos
Elyvilon
Fedhas
Gozag
Hepliaklqana
Kikubaaqudgha
Makhleb
Nemelex Xobeh
Okawaru
Qazlal
Ru
Sif Muna
Trog
Uskayaw
Vehumet
Wu Jian
Xom
Yredelemnul
Zin
The Shining One
Jiyva
Lugonu


Innate Abilities, Weirdness & Mutations

You have a pair of horns on your head.
You reflexively headbutt those who attack you in melee.


Message History

The acid dragon claws you but does no damage.
You barely miss the acid dragon.
The acid dragon is lightly wounded.
The acid dragon bites you but does no damage.
The acid dragon misses you. The acid dragon bites you.
The acid dragon claws you but does no damage.
The yak snorts and paws the ground.
You hit the acid dragon but do no damage.
You headbutt the acid dragon, but do no damage.
The acid dragon is lightly wounded.
You feel yourself speed up.
You feel much better.
You hit the two-headed ogre.
The two-headed ogre is poisoned.
The two-headed ogre is lightly wounded.
The two-headed ogre hits you with a +0 dire flail!
The two-headed ogre hits you with a +0 giant club!
You feel much better. The two-headed ogre barely misses you.
The two-headed ogre completely misses you.
You hit the two-headed ogre.
The two-headed ogre is lightly wounded.
You hit the two-headed ogre.
The two-headed ogre looks as sick as possible!
The two-headed ogre is lightly wounded.
The two-headed ogre barely misses you.
The two-headed ogre hits you with a +0 giant club!
You hit the two-headed ogre but do no damage.
The two-headed ogre looks as sick as possible!
The two-headed ogre is moderately wounded.
The two-headed ogre hits you but does no damage.
The two-headed ogre hits you with a +0 giant club.
You slash the two-headed ogre!
The two-headed ogre looks as sick as possible!
The two-headed ogre is heavily wounded.
You slash the two-headed ogre!
The two-headed ogre looks as sick as possible!
The two-headed ogre is severely wounded.
The two-headed ogre hits you with a +0 dire flail.
The two-headed ogre hits you with a +0 giant club!!
You die...
Your body crumbles into a pile of gold.

▓.▓
▓.▓
▓z▓
▓c▓
▓Y▓
▓D▓
▓O▓
▓@▓
▓.▓
▓.▓
▓.▓
▓=▓
▓[▓
▓)▓
▓?▓
▓!▓


You could see a two-headed ogre (extremely poisoned), a yak, an acid dragon, a
centaur and a wight.

Vanquished Creatures
  A wraith (D)
  A scorpion (D)
  A bombardier beetle (D)
  A hound (D)
  An adder (D)
  An orc (D)
  A ball python (D)
  A goblin (D)
  A frilled lizard (D)
  A kobold (D)
  A rat (D)
11 creatures vanquished.

Notes
Turn   | Place    | Note
-------+----------+-------------------------------------------
     0 | D        | Heoruswealwe the Minotaur Fighter began the quest for the
                  | Orb.
     0 | D        | Reached XP level 1. HP: 19/19 MP: 0/0
     8 | D        | Reached skill level 3 in Polearms
    19 | D        | Noticed a hound
    19 | D        | Noticed a scorpion
    19 | D        | Noticed a bombardier beetle
    23 | D        | Killed a bombardier beetle
    24 | D        | Reached skill level 5 in Fighting
    24 | D        | Reached skill level 6 in Polearms
    24 | D        | Reached skill level 5 in Armour
    24 | D        | Reached XP level 2. HP: 27/29 MP: 1/1
    24 | D        | Reached XP level 3. HP: 34/36 MP: 2/2
    33 | D        | Killed a scorpion
    34 | D        | Reached skill level 7 in Polearms
    34 | D        | Reached XP level 4. HP: 27/44 MP: 3/3
    38 | D        | Reached skill level 8 in Polearms
    62 | D        | Found a snail-covered altar of Cheibriados.
    62 | D        | Found a shadowy altar of Dithmenos.
    62 | D        | Found a white marble altar of Elyvilon.
    62 | D        | Found a blossoming altar of Fedhas.
    62 | D        | Found an opulent altar of Gozag.
    63 | D        | Found a hazy altar of Hepliaklqana.
    64 | D        | Found a viscous altar of Jiyva.
    65 | D        | Found an ancient bone altar of Kikubaaqudgha.
    66 | D        | Found a corrupted altar of Lugonu.
    67 | D        | Found a burning altar of Makhleb.
    68 | D        | Found a sparkling altar of Nemelex Xobeh.
    69 | D        | Found an iron altar of Okawaru.
    70 | D        | Became a worshipper of Gozag Ym Sagoz the Greedy
    71 | D        | Found a stormy altar of Qazlal.
    72 | D        | Found a sacrificial altar of Ru.
    73 | D        | Found a shimmering blue altar of Sif Muna.
    74 | D        | Found a bloodstained altar of Trog.
    75 | D        | Found a hide-covered altar of Uskayaw.
    76 | D        | Found a radiant altar of Vehumet.
    77 | D        | Found an ornate altar of the Wu Jian Council.
    78 | D        | Found a shimmering altar of Xom.
    79 | D        | Found a basalt altar of Yredelemnul.
    80 | D        | Found a glowing silver altar of Zin.
    81 | D        | Found a glowing golden altar of the Shining One.
   142 | D        | Noticed a yak
   142 | D        | Noticed a two-headed ogre
   142 | D        | Noticed a centaur
   142 | D        | Noticed an acid dragon
   142 | D        | Noticed a wraith
   147 | D        | Killed a wraith
   148 | D        | Reached skill level 10 in Polearms
   148 | D        | Reached XP level 5. HP: 52/55 MP: 4/4
   148 | D        | Reached XP level 6. HP: 59/62 MP: 5/5
   161 | D        | Slain by a two-headed ogre

Illustrated notes

Levels and vault maps discovered:
D:        linesprint [early_d, line_temple, items_1, d_10, items_2, lair_1,
          lair_end, items_3, orc_1, orc_end, items_4, d_15, swamp_1, shoals_1,
          snake_1, spider_1, d_20, vaults_1, items_5, swamp_end, shoals_end,
          snake_end, spider_end, vaults_end, d_27, items_6, zot_1, zot_end,
          crypt_end, forest_end, elf_end, slime_end, tomb_end, abyss_end,
          pan_hell_end]

Skill      XL: |  1  2  3  4 |
---------------+-------------+-----
Polearms       | 6 7 10 | 10.9
Fighting       | 5 6 8 |  8.3
Armour         | 5 6 8 |  8.3
Shields        | |  3.6

Action                     |  1- 3 |  4- 6 || total
---------------------------+-------+-------++-------
  Melee: Trident           |    23 |     9 ||    32
         Headbutt          |     4 |     4 ||     8
         Halberd           |       |    17 ||    17
    Use: Potion            |       |     2 ||     2
 Armour: Scale mail        |    11 |     4 ||    15
         Chain mail        |       |    20 ||    20
  Dodge: Dodged            |     8 |    12 ||    20
  Block: Buckler           |     2 |       ||     2
